 Dungeon Crawl Stone Soup version 0.28-a0-1190-g77e1c55843 (webtiles) character file.

Game seed: 3511834689617158495

1848 bearlyready the Grappler (level 8, -2/74 HPs)
             Began as a Pale Draconian Transmuter on Dec 19, 2021.
             Was an Initiate of Gozag.
             Slain by a cyclops (24 damage)
             ... on level 7 of the Dungeon.
             The game lasted 00:15:38 (7448 turns).

bearlyready the Grappler (DrTm)                     Turns: 7448, Time: 00:15:38

Health: -2/74      AC:  7    Str: 12    XL:     8   Next: 88%
Magic:  5/12       EV: 10    Int: 17    God:    Gozag
Gold:   343        SH:  0    Dex: 17    Spells: 3/15 levels left

rFire   x . .      SeeInvis .     - Unarmed
rCold   + + +      Faith    .   (shield currently unavailable)
rNeg    . . .      Spirit   .   (armour unavailable)
rPois   +          Reflect  .   (helmet currently unavailable)
rElec   .          Harm     .   (cloak currently unavailable)
rCorr   .          Rampage  .   (gloves currently unavailable)
Will    .....                   (boots currently unavailable)
Stlth   ++........              (no amulet)
HPRegen 0.22/turn               a - +6 ring of dexterity
MPRegen 0.13/turn               m - ring of wizardry

@: ice-form, studying Unarmed Combat
A: freezing attack, amphibious, boosted hp, (breathe steam), AC +6, large,
unfitting armour, (cold-blooded), (steam resistance), low mp 1
a: End Transformation, Renounce Religion, Potion Petition, Call Merchant, Bribe
Branch


You were on level 7 of the Dungeon.
You worshipped Gozag.
Gozag was aware of your devotion.
You were a creature of crystalline ice.
You visited 1 branch of the dungeon, and saw 7 of its levels.
You also visited: Bailey.

You collected 680 gold pieces.
You spent 253 gold pieces at shops.
You paid 84 gold pieces to Gozag.

Inventory:

Missiles
 f - 33 poisoned darts
 o - 2 throwing nets
Armour
 i - a +0 cloak (melded)
Jewellery
 a - a +6 ring of dexterity (left front paw)
 m - a ring of wizardry (right front paw)
Wands
 l - a wand of flame (28)
Scrolls
 d - 5 scrolls of teleportation
 e - a scroll of torment {unknown}
 g - 2 scrolls of fear
 h - a scroll of enchant weapon {unknown}
 j - 2 scrolls of silence {unknown}
 k - a scroll of blinking
 p - 3 scrolls of noise
 q - a scroll of immolation {unknown}
 r - a scroll of holy word
Potions
 b - a potion of berserk rage
 c - 3 potions of flight
 n - a potion of curing
 s - a potion of invisibility
 t - a potion of resistance


   Skills:
 + Level 2.3 Fighting
 - Level 1.7 Dodging
 + Level 8.5 Unarmed Combat
 - Level 4.0 Spellcasting
 + Level 6.7 Transmutations
 + Level 3.6 Ice Magic
 - Level 3.3 Poison Magic


You had 3 spell levels left.
You knew the following spells:

 Your Spells              Type           Power      Damage    Failure   Level
a - Beastly Appendage     Tmut           52%        N/A       1%          1
b - Wereblood             Tmut           26%        N/A       1%          2
c - Spider Form           Tmut/Pois      20%        N/A       2%          3
d - Ice Form              Ice/Tmut       21%        N/A       8%          4
e - Passwall              Tmut/Erth      11%        N/A       2%          2

Your spell library contained the following spells:

 Spells                   Type           Power      Damage    Failure   Level
 Ensorcelled Hibernation  Hex/Ice        18%        N/A       4%          2
 Sandblast                Erth           6%         2d5       6%          1
 Slow                     Hex            12%        N/A       6%          1
 Confusing Touch          Hex            3%         N/A       19%         3
 Dazzling Flash           Conj/Hex       6%         N/A       19%         3
 Stone Arrow              Conj/Erth      6%         3d7       19%         3
 Tukima's Dance           Hex            3%         N/A       19%         3
 Vampiric Draining        Necr           3%         2d6       19%         3
 Agony                    Necr           3%         N/A       83%         5
 Fireball                 Conj/Fire      1%         3d3       83%         5
 Iskenderun's Battlesphe  Conj           3%         2d6       83%         5
 Silence                  Hex/Air        1%         N/A       83%         5
 Conjure Ball Lightning   Conj/Air       1%         3x3d6     100%        6
 Orb of Destruction       Conj           1%         N/A       100%        7


Dungeon Overview and Level Annotations

Branches:
Dungeon (7/15)             Temple (0/1) D:4          Bailey (visited)

Altars:
Elyvilon
Gozag
Makhleb
Qazlal
Sif Muna
Uskayaw
Vehumet
Wu Jian
Xom
Zin

Shops:
D:1 [   D:6 ?

Annotations:
D:4 1 runed translucent door, croobank's ghost, weakling FeDe
D:5 3 runed translucent doors, Cancer's ghost, novice GrCj; leviel's ghost, novice HOFi


Innate Abilities, Weirdness & Mutations

You are a creature of crystalline ice.
You have a powerful freezing melee attack.
You are amphibious.
Your maximum health is increased.
Your armour is entirely melded.
You are incapable of wielding weapons or throwing items.
((You can breathe blasts of scalding, opaque steam.))
((Your pale cyan-grey scales are hard. (AC +6)))
You cannot fit into any form of body armour.
((You are cold-blooded and may be slowed by cold attacks.))
((You are immune to the effects of steam.))
Your magical capacity is low. (-10% MP)


Message History

You bump into the rock wall.
The orc wizard barely misses you.
You miss the orc wizard.
The orc wizard is severely wounded.
You feel less confused. The orc wizard misses you.
You hit the orc wizard. You tail-slap the orc wizard.
You kill the orc wizard!
You now have 325 gold pieces (gained 7).
Things that are here:
a +0 dagger; a +0 robe You start resting.
HP restored.
You now have 337 gold pieces (gained 12).
You now have 343 gold pieces (gained 6).
Items here: ( )) [.
A cyclops is nearby!
Casting: Spider Form (dangerous; 2% risk of failure)
Confirm with . or Enter, or press ? or * to list all spells.
You turn into a venomous arachnid creature.
Your +0 cloak melds into your body.
The cyclops shouts!
You hit the cyclops but do no damage.
The cyclops is poisoned.
The cyclops hits you!!
You hit the cyclops.
The cyclops looks as sick as possible!
The cyclops is lightly wounded.
The cyclops hits you!
You hit the cyclops.
The cyclops looks as sick as possible!
The cyclops is moderately wounded.
You bite the cyclops!
The cyclops is heavily wounded.
The cyclops hits you!
* * * LOW HITPOINT WARNING * * *
Casting: Spider Form (dangerous; 7% risk of failure)
Confirm with . or Enter, or press ? or * to list all spells.
Your transformation has ended.
Your +0 cloak unmelds from your body.
You turn into a creature of crystalline ice.
Your +0 cloak melds into your body.
The cyclops hits you!!
You die...
Your body crumbles into a pile of gold.

.# ... ...# ## ## #^# ...#...
##.## ..... ##...###.{###!#
#.....oY......# ###
#.$.o###C..#.Y. ..# #.#.##
...# #.# #######C#.####...#
#.# #.....Y............
#.#########.#####.#.......###.
....).......# ..######... #
###########.# .### ... #.# #.
#.# # #.# #.# #.#


You could see a cyclops (extremely poisoned).

Vanquished Creatures
  Sigmund (D:2)
  An orc warrior (D:7)
  An ice beast (D:7)
  2 sky beasts (D:6)
  2 black bears (D:5)
  2 phantoms (D:6)
  A bullfrog (D:6)
  2 scorpions
  A howler monkey (D:6)
  A bullfrog zombie (D:7)
  A jelly (D:5)
  4 hounds
  An orc priest (D:4)
  A gnoll shaman (D:7)
  Ijyb (D:4)
  3 iguanas
  5 orc wizards
  12 gnolls
  5 adders
  A shadow imp (D:5)
  4 white imps
  A worm (D:2)
  4 dart slugs
  21 orcs
  5 endoplasms
  3 giant cockroaches
  8 goblins
  12 hobgoblins
  7 jackals
  8 kobolds
  4 quokkas
  7 ball pythons
  4 bats
  2 frilled lizards
  9 rats
147 creatures vanquished.

Vanquished Creatures (others)
  2 withered plants (D:4)
2 creatures vanquished.

Grand Total: 149 creatures vanquished

Notes
Turn   | Place    | Note
-------+----------+-------------------------------------------
     0 | D:1      | bearlyready the Draconian Transmuter began the quest for
                  | the Orb.
     0 | D:1      | Reached XP level 1. HP: 16/16 MP: 3/3
   188 | D:1      | Reached XP level 2. HP: 23/23 MP: 3/5
   853 | D:1      | Found Igidyet's Antique Armour Emporium.
   865 | D:1      | Reached XP level 3. HP: 28/28 MP: 6/6
  1055 | D:2      | Found a faded altar of an unknown god.
  1077 | D:2      | Learned a level 2 spell: Wereblood
  1081 | D:2      | Learned a level 3 spell: Spider Form
  1191 | D:2      | Found a shimmering altar of Xom.
  1843 | D:2      | Noticed Sigmund
  1852 | D:2      | Killed Sigmund
  1853 | D:2      | Reached skill level 4 in Unarmed Combat
  1853 | D:2      | Reached XP level 4. HP: 24/35 MP: 3/7
  1853 | D:2      | Reached XP level 5. HP: 27/40 MP: 3/8
  2585 | D:3      | Reached XP level 6. HP: 21/47 MP: 6/9
  3032 | D:4      | Noticed Ijyb
  3045 | D:4      | Killed Ijyb
  3070 | D:4      | Found a white marble altar of Elyvilon.
  3076 | D:4      | Reached skill level 5 in Unarmed Combat
  3422 | D:4      | Found a shimmering blue altar of Sif Muna.
  3431 | D:4      | Found a shimmering altar of Xom.
  3431 | D:4      | Found a glowing silver altar of Zin.
  3447 | D:4      | Found an ornate altar of the Wu Jian Council.
  3452 | D:4      | Found a radiant altar of Vehumet.
  3768 | D:4      | Found a hide-covered altar of Uskayaw.
  3787 | D:4      | Found a staircase to the Ecumenical Temple.
  3796 | D:4      | Found a burning altar of Makhleb.
  3798 | D:4      | Found a stormy altar of Qazlal.
  3805 | D:4      | Found an opulent altar of Gozag.
  3851 | D:4      | Became a worshipper of Gozag Ym Sagoz the Greedy
  4280 | D:4      | Found a runed translucent door.
  4280 | D:4      | Noticed croobank's ghost (weakling FeDe)
  4578 | D:5      | Entered Level 5 of the Dungeon
  4675 | D:5      | Your scales start taking on a pale cyan-grey colour.
  4675 | D:5      | Reached XP level 7. HP: 38/52 MP: 6/10
  4675 | D:5      | Gained mutation: You are immune to the effects of steam.
                  | [Pale Draconian growth]
  4680 | D:5      | Reached skill level 5 in Transmutations
  4899 | D:5      | Found a runed translucent gate.
  4899 | D:5      | Found a runed translucent gate.
  4899 | D:5      | Found a runed translucent gate.
  4905 | D:5      | Noticed Cancer's ghost (novice GrCj)
  4905 | D:5      | Noticed leviel's ghost (novice HOFi)
  4913 | D:5      | Reached skill level 6 in Unarmed Combat
  4937 | D:5      | Noticed a two-headed ogre
  5267 | D:6      | Learned a level 4 spell: Ice Form
  5331 | D:6      | Reached skill level 1 in Ice Magic
  5331 | D:6      | Reached XP level 8. HP: 54/59 MP: 8/13
  5382 | D:6      | Reached skill level 7 in Unarmed Combat
  5470 | D:6      | HP: 2/59 [poisoned by an adder]
  5892 | D:6      | Learned a level 2 spell: Passwall
  5911 | D:6      | Gained mutation: Your magical capacity is low. (-10% MP)
                  | [potion of mutation]
  6198 | D:6      | Found Ywihahiu's Magic Scroll Shop.
  6201 | D:6      | Bought a scroll of teleportation for 39 gold pieces
  6201 | D:6      | Bought a scroll of blinking for 97 gold pieces
  6201 | D:6      | Bought a scroll of teleportation for 39 gold pieces
  6335 | D:6      | Bought a scroll of identify for 26 gold pieces
  6335 | D:6      | Bought a scroll of identify for 26 gold pieces
  6335 | D:6      | Bought a scroll of identify for 26 gold pieces
  6401 | D:7      | Found a flagged portal.
  6511 | Bailey   | Entered a bailey
  6890 | D:7      | Reached skill level 8 in Unarmed Combat
  7141 | D:7      | Noticed a cyclops
  7448 | D:7      | Slain by a cyclops

Illustrated notes

Levels and vault maps discovered:
D:1:      roderic_dead_forest, layout_basic, serial_shops,
          nicolae_shop_behind_doors
D:2:      minmay_spotlight, layout_basic, basic_altar,
          hellmonk_ecumenical_altar_heavens_door, uniq_sigmund
D:3:      layout_rooms
D:4:      layout_basic, elyvilon_altar_5, minmay_overflow_temple_star_hex,
          grunt_temple_overflow_open, minmay_temple_entry_ruins,
          gammafunk_ghost_grave, kennysheep_generic_room_11, uniq_ijyb
D:5:      layout_gridville, kiku_gazebo_garden_becter, gammafunk_ghost_cemetery
D:6:      layout_cave_pools, serial_shops, nicolae_shop_behind_doors,
          chequers_jeans
D:7:      hangedman_cross_stitches, layout_loops_ring,
          nicolae_ashenzari_skybound, enter_bailey_4, minmay_mini_ossuary,
          uniq_crazy_yiuf_cottage

Skill      XL: |  1  2  3  4  5  6  7  8 |
---------------+-------------------------+-----
Transmutations | 3 4 5 6 |  6.7
Unarmed Combat | 4 5 6 8 |  8.5
Poison Magic   | 2 3 |  3.3
Spellcasting   | 3 4 |  4.0
Ice Magic      | 1 3 |  3.6
Fighting       | 2 |  2.3
Dodging        | |  1.7

Action                   |  1- 3 |  4- 6 |  7- 9 || total
-------------------------+-------+-------+-------++-------
Melee: Unarmed           |   114 |   149 |   162 ||   425
       Tailslap          |    19 |     9 |     3 ||    31
       Kick              |     8 |       |       ||     8
       Punch             |     5 |       |     1 ||     6
       Headbutt          |     4 |       |       ||     4
 Cast: Beastly Appendage |     9 |       |       ||     9
       Spider Form       |     1 |    13 |    14 ||    28
       Wereblood         |       |     2 |     7 ||     9
       Ice Form          |       |       |     6 ||     6
 Abil: Breathe Steam     |       |       |     4 ||     4
Evoke: Wand              |       |       |     2 ||     2
  Use: Potion            |       |       |     5 ||     5
       Scroll            |       |       |     6 ||     6
 Stab: Sleeping          |     2 |     2 |       ||     4
       Distracted        |       |       |     1 ||     1
Armor: Skin              |    41 |    23 |    23 ||    87
Dodge: Dodged            |    63 |   123 |   100 ||   286

Table legend: (Time is in decaauts)
 A = Elapsed time spent in this place.
 B = Non-inter-level travel time spent in this place.
 C = Inter-level travel time spent in this place.
 D = Time resting spent in this place.
 E = Time spent auto-exploring this place.
 F = Levels seen in this place.
 G = Mean time per level.
                   A        B        C        D        E       F      G
               +--------+--------+--------+--------+--------+-----+--------+
         Total |   7373 |   7166 |    207 |    306 |   5655 |   8 |  921.6 |
       Dungeon |   7152 |   6945 |    207 |    306 |   5486 |   7 | 1021.7 |
        Bailey |    221 |    221 |      0 |      0 |    169 |   1 |  221.0 |
               +--------+--------+--------+--------+--------+-----+--------+

Top non-repeatable levels by time:
     D:4: 1539 daAuts
     D:2: 1374 daAuts
     D:6: 1364 daAuts
     D:1: 980 daAuts
     D:7: 863 daAuts
     D:3: 664 daAuts
     D:5: 366 daAuts
  Bailey: 221 daAuts
